[Event "Titled Tuesday Blitz November 14 Late 2023"]
[White "Pesotskiy, Mikhail"]
[Black "Lalanne, Pablo"]
[WhiteFideId "34164453"]
[BlackFideId "112151"]
[WhiteElo "2506"]
[BlackElo "2357"]
[Result "1-0"]
[Round "6"]
[TimeControl "180+1"]
[Date "2023.11.14"]
[WhiteClock "0:00:15"]
[BlackClock "0:00:00"]
[Board "100"]

1. d4 Nf6 2. c4 e6 3. Nc3 Bb4 4. Qc2 d5 5. a3 Bxc3+ 6. Qxc3 O-O 7. Bg5 h6 8. Bxf6 Qxf6 9. Nf3 b6 10. cxd5 exd5 11. Qxc7 Nc6 12. e3 Re8 13. Be2 Bf5 14. O-O Rac8 15. Qg3 Na5 16. Ne5 Rc2 17. Bb5 Rec8 18. b4 Nb3 19. Rad1 Nd2 20. Bd7 Nxf1 21. Rxf1 Bxd7 22. Nxd7 Qe7 23. Ne5 a5 24. h3 axb4 25. axb4 Rc1 26. Rxc1 Rxc1+ 27. Kh2 Qc7 28. Qf3 f6 29. Qxd5+ Kh8 30. Qa8+ Kh7 31. Qe4+ Kg8 32. Qd5+ Kf8 33. Qa8+ Ke7 34. Qg8 fxe5 35. Qxg7+ Kd8 36. Qh8+ Kd7 37. dxe5 Kc6 38. Qxh6+ Kb7 39. f4 Rc2 40. e6 Qc6 41. Qg7+ Ka6 42. e7 Qe6 43. Qf8 Rc8 44. e4 Kb5 45. e5 Kc4 46. Qf6 1-0


[Site "https://www.chess.com"]

[Event "Titled Tuesday Blitz November 14 Late 2023"]
[White "Kochiev, Ivan"]
[Black "KorolDimitriy75"]
[WhiteFideId "2917890"]
[WhiteElo "2502"]
[BlackElo "2342"]
[Result "1-0"]
[Round "6"]
[TimeControl "180+1"]
[Date "2023.11.14"]
[WhiteClock "0:00:02"]
[BlackClock "0:00:00"]
[Board "101"]

1. e4 c5 2. Nf3 d6 3. d4 cxd4 4. Nxd4 Nf6 5. f3 g6 6. c4 Bg7 7. Nc3 O-O 8. Be3 Nc6 9. Be2 Bd7 10. Nc2 a6 11. O-O Qa5 12. Qd2 Rfc8 13. Nd4 Rab8 14. Rac1 b5 15. Nb3 Qb4 16. c5 Ne5 17. cxd6 exd6 18. Nd4 Nc4 19. Bxc4 Rxc4 20. b3 Rc7 21. Nce2 Qxd2 22. Bxd2 Rbc8 23. Bf4 Rxc1 24. Rxc1 Rxc1+ 25. Bxc1 d5 26. e5 Ne8 27. f4 Nc7 28. Ba3 Ne6 29. Nxe6 Bxe6 30. Nd4 h5 31. Kf2 h4 32. Nf3 h3 33. g3 Bf5 34. Bc5 Bb1 35. a3 Bc2 36. b4 Be4 37. Ng5 Bf5 38. Kf3 f6 39. exf6 Bxf6 40. g4 Bxg5 41. gxf5 Bf6 42. fxg6 Kg7 43. f5 Be5 44. Kg4 1-0


[Site "https://www.chess.com"]

[Event "Titled Tuesday Blitz November 14 Late 2023"]
[White "Ramadoss, Ashokkumar"]
[Black "Erzhanov, Arman"]
[WhiteFideId "5040990"]
[BlackFideId "4138821"]
[WhiteElo "2337"]
[BlackElo "2499"]
[Result "0-1"]
[Round "6"]
[TimeControl "180+1"]
[Date "2023.11.14"]
[WhiteClock "0:00:00"]
[BlackClock "0:01:11"]
[Board "103"]

1. Nf3 c5 2. c4 Nc6 3. d4 cxd4 4. Nxd4 Qb6 5. Nb3 Nf6 6. Nc3 e6 7. a3 Ne5 8. e3 a6 9. Be2 Qc7 10. Nd2 b6 11. O-O Bb7 12. h3 Be7 13. f4 Nc6 14. Nf3 O-O 15. b4 Rfd8 16. e4 a5 17. Nb5 Qb8 18. e5 Ne8 19. bxa5 Nxa5 20. Bd3 g6 21. Bb2 d6 22. exd6 Nxd6 23. Qc2 Nxb5 24. cxb5 Rc8 25. Qe2 Nb3 26. Rad1 Bxa3 27. Be5 Qa7 28. Ng5 Bc5+ 29. Kh1 Qa2 30. Qg4 h5 31. Qg3 Nd4 32. Nxf7 Qxg2+ 33. Qxg2 Bxg2+ 34. Kxg2 Kxf7 35. Bxg6+ Kxg6 36. Bxd4 Ra2+ 37. Rf2 Rxf2+ 38. Kxf2 Rd8 39. Ke3 Kf5 0-1


[Site "https://www.chess.com"]

[Event "Titled Tuesday Blitz November 14 Late 2023"]
[White "FM_Kappeler"]
[Black "Kanyamarala, Tarun"]
[BlackFideId "45004714"]
[WhiteElo "2305"]
[BlackElo "2497"]
[Result "0-1"]
[Round "6"]
[TimeControl "180+1"]
[Date "2023.11.14"]
[WhiteClock "0:00:42"]
[BlackClock "0:01:37"]
[Board "104"]

1. d4 d5 2. c4 e6 3. Nf3 c6 4. e3 f5 5. Bd3 Bd6 6. O-O Nh6 7. b3 Qe7 8. a4 O-O 9. Ba3 Nd7 10. Bxd6 Qxd6 11. Nc3 Ng4 12. Qc2 g6 13. Rab1 Ngf6 14. b4 Ne4 15. Ne2 Qe7 16. b5 Ndf6 17. bxc6 bxc6 18. Ne5 c5 19. cxd5 exd5 20. dxc5 Qxe5 21. c6 Be6 22. Rb7 Nd6 23. f4 Qxe3+ 24. Kh1 Nxb7 25. cxb7 Rab8 26. Ng3 Rxb7 27. Re1 Qxe1+ 0-1


[Site "https://www.chess.com"]

[Event "Titled Tuesday Blitz November 14 Late 2023"]
[White "Kohler, Aran"]
[Black "Gasparyan, David"]
[WhiteFideId "1002856"]
[BlackFideId "13311980"]
[WhiteElo "2289"]
[BlackElo "2493"]
[Result "1-0"]
[Round "6"]
[TimeControl "180+1"]
[Date "2023.11.14"]
[WhiteClock "0:00:07"]
[BlackClock "0:00:03"]
[Board "105"]

1. d4 Nf6 2. Nf3 g6 3. Bg5 Bg7 4. Nbd2 h6 5. Bh4 c5 6. e3 O-O 7. c3 b6 8. Bd3 Bb7 9. Bxf6 exf6 10. Qb3 Qc8 11. Bxg6 c4 12. Nxc4 Bd5 13. Bd3 Qc6 14. Nfd2 b5 15. Na5 Qd6 16. Qb4 Qe6 17. O-O Nc6 18. Nxc6 Bxc6 19. e4 a5 20. Qb3 d5 21. exd5 Bxd5 22. Qc2 Rac8 23. Bf5 Qc6 24. Bxc8 Bxg2 25. Rfe1 Rxc8 26. f3 Bh3 27. Ne4 Qd5 28. Qf2 f5 29. Ng3 b4 30. Nh5 Qd6 31. cxb4 f4 32. Nxg7 Kxg7 33. Kh1 Kh8 34. Rg1 axb4 35. Rae1 Qd5 36. Re4 Qf5 37. Qh4 Rc2 38. Qxh6+ Qh7 39. Re8# 1-0


[Site "https://www.chess.com"]

[Event "Titled Tuesday Blitz November 14 Late 2023"]
[White "Rodriguez Dominguez, Melissa"]
[Black "Hajiyev, Kanan"]
[WhiteFideId "3517560"]
[BlackFideId "13404148"]
[WhiteElo "2232"]
[BlackElo "2492"]
[Result "0-1"]
[Round "6"]
[TimeControl "180+1"]
[Date "2023.11.14"]
[WhiteClock "0:02:10"]
[BlackClock "0:03:02"]
[Board "106"]

1. e4 c6 2. c4 d5 3. exd5 cxd5 4. cxd5 Nf6 5. Qa4+ Nbd7 6. Nc3 g6 7. Bc4 Bg7 8. Nf3 O-O 9. O-O a6 10. d4 b5 11. Bxb5 Nb6 12. Qa5 axb5 13. Qxb5 Ba6 14. Qb3 Bc4 15. Qc2 Bxf1 16. Kxf1 Nbxd5 0-1


[Site "https://www.chess.com"]

[Event "Titled Tuesday Blitz November 14 Late 2023"]
[White "Floresvillar Gonzalez, Luis Migu"]
[Black "Shohat, Yotam"]
[WhiteFideId "5100542"]
[BlackFideId "2813955"]
[WhiteElo "2220"]
[BlackElo "2492"]
[Result "0-1"]
[Round "6"]
[TimeControl "180+1"]
[Date "2023.11.14"]
[WhiteClock "0:01:24"]
[BlackClock "0:02:26"]
[Board "107"]

1. d4 Nf6 2. c3 g6 3. Bg5 Bg7 4. Nd2 O-O 5. e4 h6 6. Bh4 d5 7. e5 Ne4 8. Nxe4 dxe4 9. Bc4 c5 10. dxc5 Nc6 11. e6 Bxe6 12. Bxe6 fxe6 13. Qxd8 Raxd8 14. Ne2 Ne5 15. Bxe7 Nd3+ 16. Kf1 Rxf2+ 17. Kg1 Rd7 18. Bd6 Rxe2 19. b4 Bxc3 20. h4 Bxa1 0-1


[Site "https://www.chess.com"]

[Event "Titled Tuesday Blitz November 14 Late 2023"]
[White "Sivanandan, Bodhana"]
[Black "Ballester Llagaria, Luis Eduardo"]
[WhiteFideId "497592"]
[BlackFideId "2297620"]
[WhiteElo "2179"]
[BlackElo "2488"]
[Result "1-0"]
[Round "6"]
[TimeControl "180+1"]
[Date "2023.11.14"]
[WhiteClock "0:00:08"]
[BlackClock "0:00:08"]
[Board "108"]

1. d4 e6 2. Nf3 c5 3. e3 Nf6 4. Nc3 d5 5. Be2 Nc6 6. O-O Bd6 7. dxc5 Bxc5 8. Nd4 e5 9. Nb3 Be7 10. Bf3 Be6 11. e4 dxe4 12. Nxe4 Nxe4 13. Bxe4 Qc7 14. c3 O-O 15. Qf3 Rad8 16. Be3 f5 17. Bxc6 bxc6 18. Bc5 Bd5 19. Qe3 f4 20. Qh3 Rf6 21. Bxe7 Qxe7 22. f3 Rh6 23. Qf5 Rf6 24. Qc2 Rg6 25. c4 Be6 26. Rfe1 Bh3 27. Re2 a5 28. c5 a4 29. Nd2 Qd7 30. Ne4 Bf5 31. Qxa4 Bxe4 32. Qxe4 Rg5 33. a4 h5 34. h4 Rg3 35. a5 Qa7 36. Qxe5 Rd5 37. Qe6+ Kh7 38. b4 Qa6 39. Qe4+ Rg6 40. Rae1 Qb7 41. Qxf4 Qd7 42. Qh2 Rd4 43. Re7 Qd5 44. R7e5 Qa2 45. Rxh5+ Kg8 46. Rg5 Rf6 47. Qe5 Rd2 48. Qe8+ Kh7 49. Rh5+ Rh6 50. Rxh6+ Kxh6 51. Qe3+ Kh7 52. Qe4+ Kh8 53. Qg4 Kh7 54. Qh5+ Kg8 55. Re8# 1-0


[Site "https://www.chess.com"]

[Event "Titled Tuesday Blitz November 14 Late 2023"]
[White "Rich, Albert J"]
[Black "Winkels, Marcel"]
[WhiteFideId "2028735"]
[BlackFideId "1003887"]
[WhiteElo "2482"]
[BlackElo "2091"]
[Result "1-0"]
[Round "6"]
[TimeControl "180+1"]
[Date "2023.11.14"]
[WhiteClock "0:01:45"]
[BlackClock "0:00:27"]
[Board "109"]

1. d4 Nf6 2. Nc3 d5 3. Bf4 g6 4. Nf3 a6 5. Qd2 Bg7 6. Bh6 O-O 7. h4 Bg4 8. Ne5 Bf5 9. h5 gxh5 10. O-O-O Bg6 11. g4 hxg4 12. f3 g3 13. Bh3 Nc6 14. Ng4 Nxg4 15. Bxg4 f5 16. Bxg7 Kxg7 17. Qh6+ Kg8 18. Bh5 Qe8 19. Nxd5 Rc8 20. Nf4 Bxh5 21. Rxh5 Qf7 22. Rg5+ Kh8 23. Ng6+ Kg8 24. Nxe7+ Kh8 25. Ng6+ Kg8 26. Ne5+ Kh8 27. Nxf7+ Rxf7 28. Rxg3 1-0


[Site "https://www.chess.com"]

[Event "Titled Tuesday Blitz November 14 Late 2023"]
[White "Kuegel, Tobias"]
[Black "Djordjevic, Dejan N"]
[WhiteFideId "4636295"]
[BlackFideId "913316"]
[WhiteElo "2456"]
[BlackElo "2051"]
[Result "0-1"]
[Round "6"]
[TimeControl "180+1"]
[Date "2023.11.14"]
[WhiteClock "0:00:07"]
[BlackClock "0:00:07"]
[Board "110"]

1. e4 c5 2. Nf3 Nc6 3. d4 cxd4 4. Nxd4 Nf6 5. Nc3 Qb6 6. Nb3 e6 7. Be3 Qc7 8. Bd3 a6 9. f4 d6 10. g4 b5 11. g5 Nd7 12. Qe2 Be7 13. O-O-O Nb6 14. Kb1 b4 15. Bxb6 Qxb6 16. Na4 Qc7 17. h4 Bb7 18. h5 e5 19. g6 fxg6 20. hxg6 h6 21. f5 Nb8 22. Bc4 Bc6 23. Bf7+ Kf8 24. Bd5 Ra7 25. Bxc6 Qxc6 26. c3 Qxa4 27. Qc4 Qe8 28. cxb4 Nd7 29. Na5 Nf6 30. Nc6 Rc7 31. Rc1 h5 32. Qxa6 Nxe4 33. b5 Nc5 34. Qa5 Qc8 35. Nb4 Qb7 36. b6 Rd7 37. Rhd1 Bd8 38. Nd5 h4 39. Rxc5 dxc5 40. Qxc5+ Be7 41. Qb5 h3 42. a4 h2 43. a5 Rxd5 44. Qxd5 Qxd5 45. Rxd5 h1=Q+ 46. Ka2 Qxd5+ 47. b3 Qxa5+ 48. Kb2 Qxb6 49. Kc2 Qb4 50. Kd3 Rh3+ 51. Ke2 Qxb3 52. Kf1 Qc2 53. f6 Rd3 54. fxg7+ Kxg7 55. Kg1 Rd1# 0-1


[Site "https://www.chess.com"]

[Event "Titled Tuesday Blitz November 14 Late 2023"]
[White "Kustar, Sandor"]
[Black "Burke, Paul"]
[WhiteFideId "702900"]
[BlackFideId "2605767"]
[WhiteElo "2452"]
[BlackElo "1863"]
[Result "1-0"]
[Round "6"]
[TimeControl "180+1"]
[Date "2023.11.14"]
[WhiteClock "0:00:08"]
[BlackClock "0:00:00"]
[Board "111"]

1. Nf3 a6 2. e4 d6 3. d4 g6 4. Bd3 h6 5. Be3 Bg7 6. c4 Nd7 7. Nc3 e5 8. Qd2 Ne7 9. h3 f5 10. dxe5 dxe5 11. g3 O-O 12. Bxh6 Nc5 13. Bc2 Qxd2+ 14. Bxd2 fxe4 15. Ng5 Nd3+ 16. Bxd3 exd3 17. Nce4 Nf5 18. Bc3 Nd4 19. Bxd4 exd4 20. Kd2 Bh6 21. f4 b5 22. Rac1 Bb7 23. Rhe1 bxc4 24. Rxc4 Bd5 25. Rxd4 Bxa2 26. Kxd3 c5 27. Rd6 c4+ 28. Ke3 Rfe8 29. Kf3 Bxg5 30. Rxg6+ Kf7 31. Rxg5 Rad8 32. Re3 a5 33. Rxa5 Bb1 34. Ra7+ Kf8 35. f5 Bxe4+ 36. Rxe4 Rd3+ 37. Kf4 Rxe4+ 38. Kxe4 Rxg3 39. Rc7 Rxh3 40. Rxc4 Rh4+ 41. Kd5 Rh2 42. b4 Rd2+ 43. Rd4 Rf2 44. Ke5 Re2+ 45. Kf6 Re8 46. b5 Rb8 47. Rb4 Rb6+ 48. Ke5 Kf7 49. Kd5 Rf6 50. Ke5 Rb6 51. Rb1 Ke7 52. Kd5 Kf7 53. Kc5 Rf6 54. b6 Rxf5+ 55. Kc6 Rf6+ 56. Kc7 Rf3 57. b7 Rc3+ 58. Kd6 Rd3+ 59. Kc5 Rc3+ 60. Kd4 1-0


[Site "https://www.chess.com"]

[Event "Titled Tuesday Blitz November 14 Late 2023"]
[White "Van Osch, Mees"]
[Black "Ocelak, Jakub"]
[WhiteFideId "1035967"]
[BlackFideId "23707933"]
[WhiteElo "2343"]
[BlackElo "2523"]
[Result "1-0"]
[Round "6"]
[TimeControl "180+1"]
[Date "2023.11.14"]
[WhiteClock "0:01:02"]
[BlackClock "0:00:47"]
[Board "112"]

1. e4 d6 2. d4 Nf6 3. Nc3 g6 4. h4 h5 5. Bg5 Bg7 6. Qe2 c6 7. O-O-O Qc7 8. g3 b5 9. Bh3 Ba6 10. e5 b4 11. exf6 Bxe2 12. fxg7 Rg8 13. Ncxe2 Rxg7 14. Nf3 a5 15. Rhe1 e6 16. Nf4 Na6 17. Bxe6 Kf8 18. Bh6 Re8 19. Bc4 Rxe1 20. Rxe1 Qb6 21. Ng5 d5 22. Nh7+ Kg8 23. Nf6+ Kh8 24. Re8+ Rg8 25. Nxg6+ fxg6 26. Rxg8# 1-0


[Site "https://www.chess.com"]

[Event "Titled Tuesday Blitz November 14 Late 2023"]
[White "Reprintsev, Alexander"]
[Black "Li, Hui"]
[WhiteFideId "14100541"]
[BlackFideId "15400310"]
[WhiteElo "2494"]
[BlackElo "2329"]
[Result "0-1"]
[Round "6"]
[TimeControl "180+1"]
[Date "2023.11.14"]
[WhiteClock "0:00:00"]
[BlackClock "0:00:13"]
[Board "113"]

1. e4 e5 2. Nf3 Nf6 3. d4 exd4 4. e5 Ne4 5. Bd3 d5 6. exd6 Nxd6 7. Nxd4 Be7 8. O-O O-O 9. Nc3 Bf6 10. Be3 c6 11. Re1 Nd7 12. Qf3 Ne5 13. Qg3 Nxd3 14. cxd3 Nf5 15. Nxf5 Bxf5 16. Rad1 Re8 17. h3 Qd7 18. Bg5 Bxg5 19. Qxg5 h6 20. Rxe8+ Rxe8 21. Qg3 Rd8 22. d4 Qd6 23. Qe3 Be6 24. a3 a5 25. h4 Qe7 26. g3 Qc7 27. Kh2 Qb6 28. Rd2 Qb3 29. Kg2 Qc4 30. f3 Qb3 31. g4 Qb6 32. Kg3 Qc7+ 33. Qf4 Qxf4+ 34. Kxf4 f6 35. g5 fxg5+ 36. hxg5 Kf7 37. gxh6 gxh6 38. Ke5 Bd5 39. Nxd5 Rxd5+ 40. Ke4 Rg5 41. Rh2 Kg6 42. f4 Rg1 43. f5+ Kg7 44. Ke5 Re1+ 45. Kd6 Rd1 46. Rh4 Rd2 47. Rg4+ Kf7 48. Rg6 Rxd4+ 49. Ke5 Rd5+ 50. Ke4 Rb5 51. Rxh6 Rxb2 52. Rh7+ Kf6 53. Rh6+ Kg7 54. Rg6+ Kf7 55. Rd6 Rb3 0-1


[Site "https://www.chess.com"]

[Event "Titled Tuesday Blitz November 14 Late 2023"]
[White "Sreyas Payyappat"]
[Black "Romero Ruscalleda, Josep"]
[WhiteFideId "46674969"]
[BlackFideId "2231859"]
[WhiteElo "2483"]
[BlackElo "2320"]
[Result "0-1"]
[Round "6"]
[TimeControl "180+1"]
[Date "2023.11.14"]
[WhiteClock "0:00:21"]
[BlackClock "0:00:28"]
[Board "114"]

1. e4 g6 2. d4 Bg7 3. Nc3 d6 4. Nf3 a6 5. Bc4 Nf6 6. O-O O-O 7. Bg5 Nxe4 8. Nxe4 d5 9. Re1 dxc4 10. Ned2 Be6 11. c3 c6 12. Nf1 Nd7 13. Re2 Nf6 14. Qe1 Re8 15. Rxe6 fxe6 16. Qxe6+ Kh8 17. Ne5 Qd5 18. Qh3 Kg8 19. Ne3 Qd6 20. N3xc4 Qd5 21. Nb6 Qd6 22. Nec4 Qc7 23. Qe6+ Kh8 24. Ne5 h6 25. Nxa8 Rxa8 26. Nxg6+ Kh7 27. Nxe7 hxg5 28. Qf5+ Kh8 29. Qh3+ Nh7 30. Qe6 Bf6 31. Re1 Bxe7 32. Qxe7 Qxe7 33. Rxe7 Rb8 34. g3 Kg8 35. Kg2 Nf6 36. Kf3 Kf8 37. Rc7 Nd5 38. Rh7 Kg8 39. Rh5 Rf8+ 40. Kg2 Rf5 41. g4 Nf4+ 42. Kg1 Nxh5 43. gxf5 Kf7 44. Kg2 Kf6 45. c4 Kxf5 46. Kf3 Nf4 47. Ke3 Ng2+ 48. Kf3 Ne1+ 49. Ke2 Nc2 50. Kd3 Nb4+ 51. Kc3 Nxa2+ 52. Kb3 Nc1+ 53. Kb4 Ke6 54. Kc5 Kd7 55. d5 cxd5 56. Kxd5 Nd3 57. b3 Nxf2 58. Ke5 Ng4+ 59. Kf5 Nxh2 60. Kxg5 Kc6 61. Kf5 Kc5 62. Ke5 Nf3+ 63. Ke6 Nd2 64. Kd7 Nxb3 65. Kc7 b6 66. Kb7 a5 67. Ka6 0-1


[Site "https://www.chess.com"]

[Event "Titled Tuesday Blitz November 14 Late 2023"]
[White "Urbina Perez, Juan Antonio"]
[Black "rikchessmx"]
[WhiteFideId "2217368"]
[WhiteElo "2482"]
[BlackElo "2324"]
[Result "1-0"]
[Round "6"]
[TimeControl "180+1"]
[Date "2023.11.14"]
[WhiteClock "0:01:34"]
[BlackClock "0:01:29"]
[Board "115"]

1. d4 Nf6 2. c4 e6 3. Nf3 d5 4. g3 c6 5. Bg2 dxc4 6. O-O b5 7. Ne5 Nd5 8. Qc2 Bb7 9. Nd2 Nd7 10. Nxd7 Qxd7 11. b3 c3 12. Ne4 b4 13. a3 a5 14. axb4 Bxb4 15. Nc5 Bxc5 16. dxc5 O-O 17. Rd1 Qe7 18. e4 Nb4 19. Qxc3 Rfd8 20. Bf4 Rxd1+ 21. Rxd1 f6 22. Bd6 Qd7 23. Bh3 Re8 24. Ra1 Ra8 25. Qc4 Kf7 26. f4 Ba6 27. Qc3 Bd3 28. f5 e5 29. Qxb4 axb4 30. Rxa8 g6 31. fxg6+ Kxg6 32. Bxd7 Bxe4 33. Rg8+ 1-0


[Site "https://www.chess.com"]

[Event "Titled Tuesday Blitz November 14 Late 2023"]
[White "Cooper, Aaron"]
[Black "Martin Barcelo, Carles"]
[WhiteFideId "2634945"]
[BlackFideId "24561444"]
[WhiteElo "2287"]
[BlackElo "2462"]
[Result "1-0"]
[Round "6"]
[TimeControl "180+1"]
[Date "2023.11.14"]
[WhiteClock "0:02:16"]
[BlackClock "0:02:22"]
[Board "116"]

1. b4 a5 2. b5 Nf6 3. Bb2 d5 4. e3 Bf5 5. c4 e6 6. Nf3 h6 7. Nc3 c5 8. d4 Nbd7 9. cxd5 exd5 10. dxc5 Nxc5 11. Be2 Be7 12. O-O O-O 13. Nd4 Bd7 14. Rc1 Rc8 15. Bf3 Nce4 16. Nxd5 Nxd5 17. Bxe4 Nb4 18. Bb1 Bf6 19. a3 Nd5 20. Qd3 Qe7 21. Qh7# 1-0


[Site "https://www.chess.com"]

[Event "Titled Tuesday Blitz November 14 Late 2023"]
[White "claudiuprunescu"]
[Black "Wanyama, Harold"]
[BlackFideId "10000380"]
[WhiteElo "2202"]
[BlackElo "2436"]
[Result "0-1"]
[Round "6"]
[TimeControl "180+1"]
[Date "2023.11.14"]
[WhiteClock "0:00:12"]
[BlackClock "0:00:51"]
[Board "117"]

1. d4 d5 2. c4 e6 3. Nc3 Be7 4. Nf3 Nf6 5. Bg5 O-O 6. e3 b6 7. cxd5 exd5 8. Rc1 Bb7 9. Ne5 a6 10. Be2 c5 11. dxc5 bxc5 12. O-O d4 13. exd4 cxd4 14. Na4 h6 15. Bh4 Ne4 16. Bxe7 Qxe7 17. Nd3 Nc6 18. Bf3 Rad8 19. Re1 f5 20. Nac5 Bc8 21. Qa4 Ne5 22. Nxe5 Qxe5 23. Nd3 Qf6 24. Rc6 Qg5 25. Bxe4 fxe4 26. Rxe4 Bf5 27. Re1 Kh8 28. Qc4 Qd2 29. Qc1 Qxd3 30. Re7 Qb1 31. g4 Qxc1+ 32. Rxc1 Bxg4 0-1


[Site "https://www.chess.com"]

[Event "Titled Tuesday Blitz November 14 Late 2023"]
[White "Novikova, Margarita"]
[Black "Figorito, Nick"]
[WhiteFideId "14109689"]
[BlackFideId "30923689"]
[WhiteElo "2171"]
[BlackElo "2402"]
[Result "1/2-1/2"]
[Round "6"]
[TimeControl "180+1"]
[Date "2023.11.14"]
[WhiteClock "0:01:11"]
[BlackClock "0:00:45"]
[Board "118"]

1. e4 e6 2. d4 d5 3. exd5 exd5 4. Bd3 Bd6 5. Nf3 Ne7 6. O-O O-O 7. Ne5 c5 8. c3 cxd4 9. cxd4 Nbc6 10. Nxc6 bxc6 11. Nc3 Bf5 12. Bg5 f6 13. Bh4 Qb6 14. Re1 Bxd3 15. Qxd3 Qxb2 16. Reb1 Qa3 17. Bg3 Bxg3 18. hxg3 Rab8 19. Qe3 Qd6 20. Na4 Nf5 21. Qd3 Nh6 22. Nc5 Rxb1+ 23. Rxb1 Rb8 24. Rb3 Nf7 25. Qa6 Rxb3 26. axb3 Qc7 27. b4 Nd8 28. Qe2 Qf7 29. Qg4 Qc7 1/2-1/2


[Site "https://www.chess.com"]

[Event "Titled Tuesday Blitz November 14 Late 2023"]
[White "Feliz Dotel, Dewar Bienvenido"]
[Black "Qiao, Cindy"]
[WhiteFideId "6402801"]
[BlackFideId "2620243"]
[WhiteElo "2122"]
[BlackElo "2399"]
[Result "0-1"]
[Round "6"]
[TimeControl "180+1"]
[Date "2023.11.14"]
[WhiteClock "0:00:00"]
[BlackClock "0:00:59"]
[Board "119"]

1. d4 d5 2. e3 Nf6 3. Nf3 e6 4. Bd3 c5 5. b3 Nc6 6. a3 Be7 7. dxc5 Bxc5 8. Bb2 O-O 9. O-O h6 10. b4 Be7 11. Nbd2 b6 12. c4 Bb7 13. Rc1 Rc8 14. Nb3 Re8 15. cxd5 Qxd5 16. Be2 Qf5 17. b5 Nb8 18. Nbd4 Qd5 19. Qb3 Qxb3 20. Nxb3 Nbd7 21. Rfd1 Nc5 22. Nxc5 Bxc5 23. Bxf6 gxf6 24. h3 Red8 25. Rxd8+ Rxd8 26. a4 Kg7 27. Rd1 Rxd1+ 28. Bxd1 Bd5 29. Kf1 Bc4+ 30. Be2 Bb3 31. Nd2 Bxa4 32. Ne4 Bb4 33. Bc4 f5 34. Ng3 Kf6 35. Nh5+ Ke5 36. Nf4 Kd6 37. Ke2 Kc5 38. Bd3 Bxb5 39. g4 fxg4 40. hxg4 a5 0-1


[Site "https://www.chess.com"]

[Event "Titled Tuesday Blitz November 14 Late 2023"]
[White "hristos03"]
[Black "katharinareinecke"]
[WhiteElo "2379"]
[BlackElo "1974"]
[Result "1-0"]
[Round "6"]
[TimeControl "180+1"]
[Date "2023.11.14"]
[WhiteClock "0:00:17"]
[BlackClock "0:00:00"]
[Board "120"]

1. e4 c5 2. Nf3 Nc6 3. d4 cxd4 4. Nxd4 Nxd4 5. Qxd4 e6 6. Nc3 Nf6 7. e5 Ng8 8. Bd3 b6 9. O-O Ne7 10. Bg5 h6 11. Bh4 Nc6 12. Qe4 Be7 13. Bxe7 Qxe7 14. Nb5 Qd8 15. Nd6+ Kf8 16. Qf4 Qe7 17. Rae1 f6 18. exf6 Qxf6 19. Qg3 a5 20. Re3 Kg8 21. c3 Ba6 22. Bxa6 Rxa6 23. Qg4 Qg5 24. Qc4 Kh7 25. Qxa6 Rf8 26. Qd3+ Kh8 27. Rg3 Qf6 28. Rf3 Qe7 29. Rxf8+ Qxf8 30. Nb5 Ne5 31. Qe4 d6 32. Nd4 Qf6 33. f4 Ng4 34. Qxe6 Qh4 35. Qe8+ Kh7 36. Qe4+ Kh8 37. h3 1-0


[Site "https://www.chess.com"]

[Event "Titled Tuesday Blitz November 14 Late 2023"]
[White "Laskakis, Konstantinos"]
[Black "miraitrunks"]
[WhiteFideId "42134374"]
[WhiteElo "2343"]
[BlackElo "2089"]
[Result "1/2-1/2"]
[Round "6"]
[TimeControl "180+1"]
[Date "2023.11.14"]
[WhiteClock "0:00:22"]
[BlackClock "0:00:33"]
[Board "121"]

1. d4 Nf6 2. c4 g6 3. Nc3 d5 4. e3 Bg7 5. cxd5 Nxd5 6. Nxd5 Qxd5 7. Ne2 O-O 8. Nc3 Qd8 9. Be2 e5 10. d5 c6 11. e4 cxd5 12. exd5 b6 13. O-O Bb7 14. Be3 f5 15. Bc4 Kh8 16. f4 exf4 17. Bxf4 Nd7 18. Qd2 Rc8 19. Be2 Nc5 20. Bf3 Ba6 21. Be2 Bxe2 22. Nxe2 Ne4 23. Qd3 Bxb2 24. Rad1 Bg7 25. d6 Qd7 26. Ng3 Rc3 27. Qd5 Rc5 28. Qd3 g5 29. Bc1 Rc3 30. Qd5 Nxg3 31. hxg3 g4 32. Bf4 Rc2 33. Be5 Rfc8 34. Bxg7+ Kxg7 35. Rfe1 Re8 36. Rxe8 Qxe8 37. d7 Qe3+ 38. Kh2 Qh6+ 39. Kg1 Qe3+ 40. Kh2 Qh6+ 41. Kg1 Qe3+ 1/2-1/2


[Site "https://www.chess.com"]

[Event "Titled Tuesday Blitz November 14 Late 2023"]
[White "Gerbelli Neto, Eduardo"]
[Black "Broca Jimenez, Fernando"]
[WhiteFideId "2103281"]
[BlackFideId "5104742"]
[WhiteElo "2338"]
[BlackElo "2204"]
[Result "1-0"]
[Round "6"]
[TimeControl "180+1"]
[Date "2023.11.14"]
[WhiteClock "0:00:36"]
[BlackClock "0:00:03"]
[Board "122"]

1. e4 c5 2. Nc3 Nc6 3. f4 d6 4. Nf3 Nf6 5. Bb5 Bd7 6. O-O g6 7. d3 Bg7 8. Bxc6 Bxc6 9. Qe1 e6 10. a4 d5 11. f5 dxe4 12. dxe4 O-O 13. e5 Nd5 14. f6 Nxf6 15. exf6 Qxf6 16. Be3 b6 17. Nd4 cxd4 18. Rxf6 Bxf6 19. Qf2 dxe3 20. Qxf6 Rad8 21. Re1 Rd2 22. Re2 Rfd8 23. h4 Rxe2 24. Nxe2 Rd2 25. Qc3 Bd5 26. Qxe3 Rxc2 27. h5 gxh5 28. Nf4 Bc6 29. Qe5 Rc1+ 30. Kh2 Rc2 31. b4 a6 32. b5 axb5 33. axb5 Bb7 34. Qb8+ Bc8 35. Nxh5 Kf8 36. Qd6+ Kg8 37. Qe5 1-0


[Site "https://www.chess.com"]

[Event "Titled Tuesday Blitz November 14 Late 2023"]
[White "Darko-Dimitrijevic"]
[Black "AndresDelgado77"]
[WhiteElo "2193"]
[BlackElo "2325"]
[Result "0-1"]
[Round "6"]
[TimeControl "180+1"]
[Date "2023.11.14"]
[WhiteClock "0:00:19"]
[BlackClock "0:00:11"]
[Board "123"]

1. e4 e6 2. d4 d5 3. e5 c5 4. c3 Qb6 5. Nf3 Nc6 6. Be2 cxd4 7. cxd4 Nh6 8. Bxh6 Qxb2 9. Nbd2 gxh6 10. O-O Be7 11. Nb3 O-O 12. a4 Nb4 13. Rb1 Qa2 14. Ra1 Qb2 15. Rb1 Qa2 16. Qc1 Qxe2 17. Qxh6 Qc2 18. Nc5 Bxc5 19. dxc5 Nc6 20. a5 Qg6 21. Qh4 a6 22. Rfd1 f6 23. exf6 Qxf6 24. Qg4+ Kh8 25. Rb3 e5 26. Qh5 e4 0-1


[Site "https://www.chess.com"]

[Event "Titled Tuesday Blitz November 14 Late 2023"]
[White "Eggleston, Thomas A"]
[Black "campochess"]
[WhiteFideId "412139"]
[WhiteElo "2324"]
[BlackElo "2188"]
[Result "1-0"]
[Round "6"]
[TimeControl "180+1"]
[Date "2023.11.14"]
[WhiteClock "0:00:19"]
[BlackClock "0:00:59"]
[Board "124"]

1. e4 c5 2. Nf3 Nc6 3. Bb5 e5 4. O-O Nge7 5. Re1 a6 6. Bf1 d6 7. c3 Bg4 8. h3 Bh5 9. g4 Bg6 10. d4 Qc7 11. Na3 h5 12. g5 h4 13. Bg2 Bh5 14. dxc5 dxc5 15. Nc4 Ng6 16. Ne3 Nf4 17. Nd5 Qb8 18. Nxf4 exf4 19. e5 Be7 20. Bxf4 O-O 21. Qc1 Qa7 22. Nxh4 g6 23. Qc2 Rad8 24. e6 fxe6 25. Nxg6 Rxf4 26. Nxf4 Be8 27. Nxe6 Rd6 28. Nc7 Qb8 29. Nxe8 Qxe8 30. Bxc6 Rxc6 31. Qe4 Rc7 32. Qe6+ Kh8 33. Qe5+ 1-0


[Site "https://www.chess.com"]

[Event "Titled Tuesday Blitz November 14 Late 2023"]
[White "Harish, Neeraj"]
[Black "ThePeasant98"]
[WhiteFideId "30958130"]
[WhiteElo "2324"]
[BlackElo "2169"]
[Result "1-0"]
[Round "6"]
[TimeControl "180+1"]
[Date "2023.11.14"]
[WhiteClock "0:00:10"]
[BlackClock "0:00:11"]
[Board "125"]

1. e4 c5 2. Nf3 d6 3. d4 cxd4 4. Nxd4 Nf6 5. Nc3 Nc6 6. Bg5 Bd7 7. Nxc6 bxc6 8. Bxf6 gxf6 9. Bc4 e6 10. Qe2 Be7 11. Rd1 Rb8 12. Bb3 Qa5 13. O-O d5 14. exd5 cxd5 15. Rfe1 Qd8 16. Qh5 h6 17. Bxd5 exd5 18. Nxd5 Rb5 19. Rxe7+ Qxe7 20. Nc7+ Kf8 21. Nxb5 Bxb5 22. Qxb5 Qe5 23. Qxe5 fxe5 24. Rd8+ Kg7 25. Rxh8 Kxh8 26. Kf1 Kg7 27. Ke2 Kf6 28. Ke3 Ke6 29. g4 Kd5 30. h4 a5 31. b3 Ke6 32. Ke4 h5 33. g5 1-0


[Site "https://www.chess.com"]